 Dungeon Crawl Stone Soup version 0.27.1-15-g792fb953b9 (webtiles) character file.

Game seed: 8587129207017139573

13 Descartes the Sneak (level 2, 0/16 HPs)
             Began as a Spriggan Delver on Nov 19, 2021.
             Succumbed to an adder's poison
             ... on level 2 of the Dungeon.
             The game lasted 00:03:12 (262 turns).

Descartes the Sneak (Spriggan Delver)                Turns: 262, Time: 00:03:12

Health: 0/16       AC:  2    Str:  8    XL:     2   Next: 24%
Magic:  3/3        EV: 17    Int: 11    God:
Gold:   6          SH:  0    Dex: 16    Spells: 1/1 levels left

rFire    + . .     SeeInvis +   a - +0 short sword
rCold    . . .     Faith    .   (shield restricted)
rNeg     . . .     Spirit   .   b - +0 robe
rPois    .         Reflect  .   (helmet restricted)
rElec    .         Harm     .   (no cloak)
rCorr    .         Rampage  .   (gloves unavailable)
Will     .....                  (boots unavailable)
Stlth    ++++......             (no amulet)
HPRegen  0.05/turn              h - ring of protection from fire
MPRegen  0.08/turn              (no ring)

@: lethally poisoned (0 -> -3), very quick
A: very small, no large weapons, unfitting armour, see invisible, speed 3
a: no special abilities


You were on level 2 of the Dungeon.
You visited 1 branch of the dungeon, and saw 4 of its levels.

You collected 6 gold pieces.

Inventory:

Hand Weapons
 a - a +0 short sword (weapon)
Armour
 b - a +0 robe (worn)
Jewellery
 h - a ring of protection from fire (left hand)
Wands
 g - a wand of digging (3)
Scrolls
 c - a scroll of fog
 d - a scroll of magic mapping
 e - a scroll of fear
Potions
 f - 2 potions of haste


   Skills:
 - Level 2.4 Fighting
 + Level 2.6 Short Blades
 + Level 3.1 Dodging
 + Level 7.5 Stealth


You had one spell level left.
You didn't know any spells.
Your spell library was empty.

Dungeon Overview and Level Annotations

Branches:
Dungeon (5/15)
 Temple: D:4-7

Altars:
Vehumet

Shops:
D:4 [

Annotations:
D:5 exclusion: centaur


Innate Abilities, Weirdness & Mutations

You are very small and have problems with some larger weapons.
You are too small for most types of armour.
You have supernaturally acute eyesight. (SInv)
You cover ground extremely quickly. (Speed+++)


Message History

You hit the endoplasm.
You kill the endoplasm!
A bat comes into view.
Found a pair of gloves.
You start resting.
A rat is nearby!
You start resting.
A rat comes into view.
You see here a quokka corpse.
You are too injured to fight recklessly!
You see here a quokka corpse.
A rat is nearby!
You are too injured to fight recklessly!
You are too injured to fight recklessly!
Found a stone staircase leading down.
A bat comes into view.
You are too injured to fight recklessly!
You are too injured to fight recklessly!
An adder comes into view.
The bat closely misses you. The bat hits you.
* * * LOW HITPOINT WARNING * * *
You hit the bat.
The bat is severely wounded.
The bat hits you but does no damage. The bat closely misses you.
You closely miss the bat.
The bat is severely wounded.
The bat hits you but does no damage. The bat closely misses you.
You hit the bat but do no damage.
The bat is severely wounded.
The bat closely misses you. The adder bites you.
* * * LOW HITPOINT WARNING * * *
You are lethally poisoned!
The adder poisons you! The bat completely misses you.
The adder completely misses you.
* * * LOW HITPOINT WARNING * * *
You feel sick. The bat hits you but does no damage.
* * * LOW HITPOINT WARNING * * *
You feel sick.
Okay, then.
You die...

. ...# .##...## . .......#.
#. #. #....... ..#
.##.##.#...####....
..#................
.......#........... .......
#....@...>....... ......##
#....#..S........
..._...#####..#....b........
............................
......###....###............
.....r###..#.......♣♣♣......
.....#.........#..♣# .....
.....#....##.#....♣ ....
.......## #.##...♣# ...


You could see an adder and a bat.

Vanquished Creatures
  A dart slug (D:2)
  2 endoplasms (D:2)
  A goblin (D:3)
  A hobgoblin (D:2)
  A quokka (D:2)
  A ball python (D:2)
  A bat (D:3)
  A frilled lizard (D:2)
  2 rats
11 creatures vanquished.

Notes
Turn   | Place    | Note
-------+----------+-------------------------------------------
     0 | D:5      | Descartes the Spriggan Delver began the quest for the Orb.
     0 | D:5      | Reached XP level 1. HP: 11/11 MP: 2/2
     9 | D:5      | Noticed a centaur
    12 | D:5      | Noticed a wyvern zombie
    19 | D:4      | Found Ecseyqios's Armour Emporium.
   140 | D:2      | Reached XP level 2. HP: 11/16 MP: 3/3
   151 | D:2      | Found a radiant altar of Vehumet.
   262 | D:2      | Succumbed to an adder's poison

Illustrated notes

Levels and vault maps discovered:
D:2:      layout_rooms, basic_altar, minmay_misc_feat_ornament,
          minmay_stone_trees_small, serial_park_tiny_2, palyth_stone_intersect,
          minmay_vboxes
D:3:      layout_loops_cross
D:4:      layout_basic, gammafunk_ghost_cemetery, serial_shops,
          nicolae_stop_n_shop_2, nicolae_inconvenience_store,
          nicolae_stop_n_shop_2, glass_columns_a,
          hangedman_decor_clover_reticule, kennysheep_generic_room_15, uniq_ijyb
D:5:      layout_cave_pools, serial_gnoll_camp, gnoll_camp_mini_shop,
          gnoll_camp_mini_house, gnoll_camp_medium_01, gnoll_camp_mini_house,
          serial_shops, shop_statue, minmay_quadrilaterals

Skill      XL: |  1 |
---------------+----+-----
Dodging        | 3 |  3.1
Fighting       | |  2.4
Short Blades   | |  2.6
Stealth        | |  7.5

Action                   || total
-------------------------++-------
Melee: Short sword       ||    38
 Stab: Sleeping          ||     2
Armor: Robe              ||     3
Dodge: Dodged            ||    30
